 Dungeon Crawl Stone Soup version 0.28.0-53-g5a82cb258f (webtiles) character file.

Game seed: 7961805872618597312

2178 clackabat the Spear-Bearer (level 9, 71/71 HPs)
             Began as a Minotaur Fighter on July 13, 2022.
             Was an Initiate of Okawaru.
             Quit the game on level 6 of the Dungeon.
             The game lasted 00:10:41 (6175 turns).

clackabat the Spear-Bearer (Minotaur Fighter)       Turns: 6175, Time: 00:10:42

Health: 71/71      AC:  8    Str: 20    XL:     9   Next: 11%
Magic:  8/8        EV: 14    Int:  9    God:    Okawaru [......]
Gold:   1416       SH:  5    Dex: 11    Spells: 8/8 levels left

rFire   + . .      SeeInvis .   d - +2 spear (vorpal)
rCold   + . .      Faith    .   c - +1 buckler
rNeg    . . .      Spirit   .   b - +0 scale mail
rPois   .          Reflect  .   (helmet restricted)
rElec   .          Harm     .   h - scarf {rC+ rF+}
rCorr   .          Rampage  .   (no gloves)
Will    .....                   x - +0 pair of boots
Stlth   ..........              (no amulet)
HPRegen 0.21/turn               e - +4 ring of evasion
MPRegen 0.11/turn               (no ring)

@: no status effects
A: horns 2, retaliatory headbutt
a: Renounce Religion


You were on level 6 of the Dungeon.
You worshipped Okawaru.
Okawaru was noncommittal.
You visited 2 branches of the dungeon, and saw 7 of its levels.

You collected 1416 gold pieces.

Inventory:

Hand Weapons
 a - a +1 trident
 d - a +2 vorpal spear (weapon)
Missiles
 y - 2 poisoned darts (quivered)
Armour
 b - a +0 scale mail (worn)
 c - a +1 buckler (worn)
 h - a scarf of resistance (worn)
 x - a +0 pair of boots (worn)
Magical Staves
 p - a staff of conjuration
Jewellery
 e - a +4 ring of evasion (left hand)
 g - a ring of fire
 k - a ring of wizardry
Wands
 m - a wand of digging (6)
 u - a wand of iceblast (6)
 v - a wand of mindburst (17)
 z - a wand of acid (1)
Scrolls
 f - 4 scrolls of identify
 j - a scroll of enchant armour
 q - a scroll of fear {unknown}
 r - a scroll of magic mapping {unknown}
 t - a scroll of noise {unknown}
 A - a scroll of amnesia {unknown}
Potions
 i - 2 potions of curing
 l - 3 potions of attraction
 n - a potion of lignification
 o - a potion of heal wounds
 s - a potion of magic
 w - a potion of resistance {unknown}


   Skills:
 - Level 4.0 Fighting
 * Level 13.7 Polearms
 - Level 4.0 Armour
 - Level 3.0 Dodging
 - Level 4.0 Shields


You had 8 spell levels left.
You didn't know any spells.
Your spell library contained the following spells:

 Spells                   Type           Power      Damage    Failure   Level
 Orb of Destruction       Conj           0%         9d5       100%        7
 Summon Guardian Golem    Hex/Summ       Unusable   N/A       N/A         3
 Spellforged Servitor     Conj/Summ      Unusable   N/A       N/A         7

Dungeon Overview and Level Annotations

Branches:
Dungeon (6/15)             Temple (1/1) D:5

Altars:
Ashenzari
Gozag
Makhleb
Okawaru
Yredelemnul


Innate Abilities, Weirdness & Mutations

You have a pair of horns on your head.
You reflexively headbutt those who attack you in melee.


Message History

You hit the gnoll shaman but do no damage.
You headbutt the gnoll shaman.
You kill the gnoll shaman!
Okawaru accepts your kill.
You reach to attack!
You completely miss the gnoll. The gnoll hits you but does no damage.
You reach to attack!
You barely miss the gnoll. The gnoll closely misses you.
You reach to attack!
You puncture the gnoll!
The gnoll is severely wounded.
The gnoll hits you but does no damage.
You reach to attack!
You puncture the gnoll!
You kill the gnoll!
Okawaru accepts your kill.
Items here: )) [ †.
You hit the gnoll.
You headbutt the gnoll, but do no damage.
The gnoll is heavily wounded.
The gnoll barely misses you.
You barely miss the gnoll.
The gnoll is heavily wounded.
You hit the gnoll. You headbutt the gnoll.
You kill the gnoll!
Okawaru accepts your kill.
No target in view!
No target in view!
Things that are here:
a +0 whip; a +0 spear; a gnoll corpse
Items here: )) [ †.
Things that are here:
a +0 whip; a +0 spear; a gnoll corpse
There is a stone staircase leading down here.
Found a stone staircase leading up.
Done exploring.
Done exploring.
Done exploring.
Items here: )) [ †.
Things that are here:
a +0 whip; a +0 spear; a gnoll corpse
There is a stone staircase leading down here.
Are you sure you want to abandon this character and quit the game? (Confirm with "yes".)

#.....##### '.....'...#
#.....###.### ####### #...#
....#.# #...# ≈≈≈.#.# #...#
≈...#.# #...#
≈._.#.###.###################
≈...#...........@...........#
≈≈≈.#..##.#################.#
....#..##.# #..#.#
#####..##.# #..#.#
.......##.# #..#.#
.......##.# #..#.#
#......##.# #..#.#
#.####.##.##############..#.#
#.# #.##.#............#..#.#


There were no monsters in sight!

Vanquished Creatures
  Pikel (D:5)
  A troll (D:6)
  A water moccasin (D:6)
  2 sky beasts
  A necrophage (D:5)
  2 ogres
  A centaur (D:5)
  A lemure (D:4)
  Blork the orc (D:6)
  A bullfrog (D:4)
  5 killer bees (D:4)
  A gnoll shaman (D:6)
  A centaur skeleton (D:4)
  2 bullfrog skeletons
  4 iguanas
  A scorpion zombie (D:5)
  A hound skeleton (D:4)
  7 gnolls
  6 adders
  A white imp (D:5)
  2 ufetubi
  4 worms
  6 dart slugs
  4 orcs (D:4)
  9 endoplasms
  5 giant cockroaches
  2 goblins
  6 hobgoblins
  10 jackals
  4 quokkas
  6 ball pythons
  3 bats
  3 frilled lizards
  5 kobolds
  6 rats
116 creatures vanquished.

Notes
Turn   | Place    | Note
-------+----------+-------------------------------------------
     0 | D:1      | clackabat the Minotaur Fighter began the quest for the Orb.
     0 | D:1      | Reached XP level 1. HP: 19/19 MP: 0/0
   240 | D:1      | Reached skill level 3 in Polearms
   241 | D:1      | Reached XP level 2. HP: 21/26 MP: 1/1
   246 | D:1      | Reached skill level 1 in Dodging
  1012 | D:2      | Found a faded altar of an unknown god.
  1017 | D:2      | Reached XP level 3. HP: 31/31 MP: 2/2
  1038 | D:2      | Reached skill level 4 in Polearms
  1575 | D:2      | You fall into a shaft and drop 1 floor!
  2137 | D:3      | Reached XP level 4. HP: 37/39 MP: 3/3
  2493 | D:3      | Reached skill level 5 in Polearms
  2810 | D:4      | Identified a scroll of acquirement
  2810 | D:4      | Acquired 1202 gold pieces
  2822 | D:4      | Reached XP level 5. HP: 44/45 MP: 4/4
  2852 | D:4      | Noticed an ogre
  2860 | D:4      | Killed an ogre
  2861 | D:4      | Reached skill level 6 in Polearms
  2862 | D:4      | Reached XP level 6. HP: 12/51 MP: 5/5
  2863 | D:4      | Reached skill level 7 in Polearms
  3420 | D:4      | Reached XP level 7. HP: 59/59 MP: 6/6
  3473 | D:4      | Reached skill level 8 in Polearms
  3691 | D:5      | Entered Level 5 of the Dungeon
  3694 | D:5      | Noticed Pikel
  3877 | D:5      | Killed Pikel
  3878 | D:5      | Reached skill level 10 in Polearms
  3878 | D:5      | Reached XP level 8. HP: 57/66 MP: 7/7
  4057 | D:5      | Reached skill level 11 in Polearms
  4417 | D:5      | Reached skill level 12 in Polearms
  4931 | D:5      | Found a staircase to the Ecumenical Temple.
  4940 | Temple   | Entered the Ecumenical Temple
  4961 | Temple   | Became a worshipper of Warmaster Okawaru
  5082 | D:6      | Noticed Blork the orc
  5094 | D:6      | Killed Blork the orc
  5122 | D:6      | Found an opulent altar of Gozag.
  5217 | D:6      | Reached skill level 13 in Polearms
  5523 | D:6      | Found a basalt altar of Yredelemnul.
  5721 | D:6      | Noticed a troll
  5729 | D:6      | Killed a troll
  5730 | D:6      | Reached XP level 9. HP: 39/71 MP: 8/8
  6175 | D:6      | Quit the game

Illustrated notes

Levels and vault maps discovered:
D:1:      saegor_arrival_fortress, layout_loops_cross
D:2:      layout_basic, dreamdust_ecumenical_altar_grove, corexii_corridor_pit,
          nrook_campfire
D:3:      layout_loops_ring, item_on_display_a
D:4:      layout_rooms
D:5:      layout_basic, temple_hall, uniq_pikel
D:6:      layout_basic, mainiacjoe_overflow_catwalk,
          mainiacjoe_overflow_alcove_4, uniq_blork_the_orc
Temple:   regret_index_temple_sphere_string

Skill      XL: |  1  2  3  4  5  6  7  8 |
---------------+-------------------------+-----
Polearms       | 3 4 5 6 7 10 13 | 13.7
Dodging        | 1 2 3 |  3.0
Fighting       | 4 |  4.0
Armour         | 4 |  4.0
Shields        | 4 |  4.0

Action                   |  1- 3 |  4- 6 |  7- 9 || total
-------------------------+-------+-------+-------++-------
Melee: Trident           |    88 |   101 |       ||   189
       Headbutt          |    11 |     7 |    32 ||    50
       Spear             |       |     4 |   197 ||   201
  Use: Scroll            |       |     8 |     1 ||     9
       Potion            |       |     4 |       ||     4
Armor: Scale mail        |    23 |    29 |    25 ||    77
Dodge: Dodged            |    29 |    83 |    58 ||   170
Block: Buckler           |     9 |    25 |    22 ||    56
